[Event "GambitGuide"]
[Site "Internet Chess Club"]
[Date "2014.10.31"]
[Round "1"]
[White "JSBach"]
[Black "BosseB"]
[Result "1-0"]
[ICCResult "Black resigns"]
[WhiteElo "1676"]
[BlackElo "1288"]
[Opening "Vienna: `Frankenstein-Dracula' variation"]
[ECO "C27"]
[NIC "VG.02"]
[Time "08:37:46"]
[TimeControl "120+12"]

1. e4 e5 2. Nc3 Nf6 3. Bc4 Nxe4 4. Qh5 Nd6 5. Bb3 Nc6 6. Nb5 g6 7. Qf3 f5 8.
Qd5 Qe7 9. Nxc7+ Kd8 10. Nxa8 b6 11. d3 Bg7 12. Nh3 Bf6 13. Ba4 Bb7 14. Nxb6
Qe6 15. Qxe6 dxe6 16. Nc4 Nxc4 17. dxc4 Nd4 18. f3 e4 19. Ng5 exf3 20. Nf7+
Ke7 21. Nxh8 Bxh8 22. Bg5+ Kd6 23. g3 f2+ 24. Kxf2 Bxh1 25. Rxh1 e5 26. c3
Ne6 27. Rd1+ Kc5 28. Rd5+ {Black resigns} 1-0

[Event "GambitGuide"]
[Site "Internet Chess Club"]
[Date "2014.10.31"]
[Round "1"]
[White "JSBach"]
[Black "MarcoCorvi"]
[Result "0-1"]
[ICCResult "White checkmated"]
[WhiteElo "1676"]
[BlackElo "2047"]
[Opening "Vienna: `Frankenstein-Dracula' variation"]
[ECO "C27"]
[NIC "VG.02"]
[Time "08:36:31"]
[TimeControl "120+12"]

1. e4 e5 2. Nc3 Nf6 3. Bc4 Nxe4 4. Qh5 Nd6 5. Bb3 Nc6 6. Nb5 g6 7. Qf3 f5 8.
Qd5 Qe7 9. Nxc7+ Kd8 10. Nxa8 b6 11. d3 Bb7 12. Nxb6 axb6 13. Qf3 Nd4 14.
Qg3 f4 15. Qg4 h5 16. Qxg6 Rh6 17. Qg8 f3 18. Bg5 Rf6 19. Bxf6 Qxf6 20. g3
Kc7 21. Rc1 e4 22. Rd1 e3 23. c3 e2 24. Rc1 Bh6 25. Rb1 Ba6 26. cxd4 Bxd3
27. Ra1 Qxd4 28. Nxe2 Bxe2 29. Qc4+ Nxc4 30. Rd1 Bxd1 31. O-O Bxb3 32. axb3
Nd2 33. Rc1+ Kd6 34. Rc3 Qd5 35. b4 b5 36. Rc5 Qxc5 37. bxc5+ Kxc5 38. g4
hxg4 39. b3 Kb4 40. Kh1 Kxb3 41. Kg1 Kc2 42. h4 Bf4 43. h5 b4 44. Kh1 b3 45.
Kg1 b2 46. h6 b1=R# {White checkmated} 0-1

[Event "GambitGuide"]
[Site "Internet Chess Club"]
[Date "2014.10.31"]
[Round "1"]
[White "JSBach"]
[Black "grepakar"]
[Result "1-0"]
[ICCResult "Black checkmated"]
[WhiteElo "1676"]
[BlackElo "1448"]
[Opening "Vienna: `Frankenstein-Dracula' variation"]
[ECO "C27"]
[NIC "VG.02"]
[Time "08:37:52"]
[TimeControl "120+12"]

1. e4 e5 2. Nc3 Nf6 3. Bc4 Nxe4 4. Qh5 Nd6 5. Bb3 Nc6 6. Nb5 g6 7. Qf3 f5 8.
Qd5 Qe7 9. Nxc7+ Kd8 10. Nxa8 b6 11. d3 Bb7 12. Nxb6 axb6 13. Qf3 Nd4 14.
Qg3 Nxb3 15. axb3 Kc7 16. Bg5 Qe6 17. Ra7 Bg7 18. Ne2 Re8 19. Nc3 e4 20.
Nb5+ Kc6 21. Qxd6+ Qxd6 22. Nxd6 Kxd6 23. Rxb7 exd3+ 24. Kd2 Re2+ 25. Kxd3
Rxf2 26. Rxb6+ Kc7 27. Ra6 Rxg2 28. Bf6 Bh6 29. Ra7+ Kb6 30. Bd4+ Kc6 31.
Ra6+ Kb5 32. Rb6+ Ka5 33. Ra1# {Black checkmated} 1-0

[Event "GambitGuide"]
[Site "Internet Chess Club"]
[Date "2014.10.31"]
[Round "1"]
[White "JSBach"]
[Black "FlameOak4464"]
[Result "1-0"]
[ICCResult "Black checkmated"]
[WhiteElo "1676"]
[BlackElo "1830"]
[Opening "Vienna: `Frankenstein-Dracula' variation"]
[ECO "C27"]
[NIC "VG.02"]
[Time "08:37:19"]
[TimeControl "120+12"]

1. e4 e5 2. Nc3 Nf6 3. Bc4 Nxe4 4. Qh5 Nd6 5. Bb3 Nc6 6. Nb5 g6 7. Qf3 f5 8.
Qd5 Qe7 9. Nxc7+ Kd8 10. Nxa8 b6 11. d3 Bb7 12. Nxb6 axb6 13. Qf3 Nd4 14.
Qg3 f4 15. Qg4 g5 16. Bd2 h5 17. Qd1 e4 18. Kf1 Ba6 19. Bc3 exd3 20. cxd3
N6f5 21. Ne2 Qd6 22. Bf7 Bg7 23. Nxd4 Bxd4 24. Rc1 Bxf2 25. Kxf2 Ne3 26. Qa4
Rf8 27. Rhe1 Rxf7 28. Qxa6 Ng4+ 29. Kg1 Qc5+ 30. d4 Qd5 31. Qxb6+ Kc8 32.
Re8# {Black checkmated} 1-0

[Event "GambitGuide"]
[Site "Internet Chess Club"]
[Date "2014.10.31"]
[Round "1"]
[White "JSBach"]
[Black "nicolass"]
[Result "1-0"]
[ICCResult "Black resigns"]
[WhiteElo "1688"]
[BlackElo "1495"]
[Opening "Vienna: `Frankenstein-Dracula' variation"]
[ECO "C27"]
[NIC "VG.02"]
[Time "08:36:46"]
[TimeControl "120+12"]

1. e4 e5 2. Nc3 Nf6 3. Bc4 Nxe4 4. Qh5 Nd6 5. Bb3 Nc6 6. Nb5 g6 7. Qf3 f5 8.
Qd5 Qe7 9. Nxc7+ Kd8 10. Nxa8 b6 11. d3 Bb7 12. Nxb6 axb6 13. Qf3 Kc7 14.
Bd2 Nd4 15. Qg3 Bg7 16. Rc1 f4 17. Qg4 N4f5 18. Bc3 g5 19. Bb4 h5 20. Qxf5
Rf8 21. Bxd6+ Qxd6 22. Qxg5 Bf6 23. Qg6 Qb4+ 24. c3 Qd6 25. d4 e4 26. Qxh5
e3 27. d5 Qe7 28. f3 Bh4+ 29. Kf1 Ba6+ 30. Ne2 Bf6 31. Qh6 Rh8 32. Qxf4+ Be5
33. Qxe3 {Black resigns} 1-0

[Event "GambitGuide"]
[Site "Internet Chess Club"]
[Date "2014.10.31"]
[Round "1"]
[White "JSBach"]
[Black "sskumaran1"]
[Result "1-0"]
[ICCResult "Black resigns"]
[WhiteElo "1688"]
[BlackElo "1120"]
[Opening "Vienna: `Frankenstein-Dracula' variation"]
[ECO "C27"]
[NIC "VG.02"]
[Time "08:38:19"]
[TimeControl "120+12"]

1. e4 e5 2. Nc3 Nf6 3. Bc4 Nxe4 4. Qh5 Nd6 5. Bb3 Nc6 6. Nb5 g6 7. Qf3 f5 8.
Qd5 Qe7 9. Nxc7+ Kd8 10. Nxa8 b6 11. d3 Nb4 12. Bg5 Nxd5 13. Bxe7+ Nxe7 14.
d4 exd4 15. O-O-O Bb7 16. Nxb6 axb6 17. f3 Nc6 18. Kb1 Kc7 19. Ne2 Bg7 20.
Rhe1 Re8 21. Rd2 Na5 22. Rd3 Nxb3 23. axb3 Ba6 24. Rd2 Bxe2 25. Rdxe2 Rxe2
26. Rxe2 f4 27. Kc1 Nf5 28. Re4 g5 29. b4 d5 30. Re6 Bf8 31. Rf6 Ne3 32.
Rxf8 Nxg2 33. Rf7+ Kd6 34. Rb7 Kc6 35. Rxh7 Ne1 36. Rh3 {Black resigns} 1-0

[Event "GambitGuide"]
[Site "Internet Chess Club"]
[Date "2014.10.31"]
[Round "1"]
[White "JSBach"]
[Black "BosseB"]
[Result "1-0"]
[ICCResult "Black resigns"]
[WhiteElo "1688"]
[BlackElo "1288"]
[Opening "Vienna: `Frankenstein-Dracula' variation"]
[ECO "C27"]
[NIC "VG.02"]
[Time "08:39:22"]
[TimeControl "120+12"]

1. e4 e5 2. Nc3 Nf6 3. Bc4 Nxe4 4. Qh5 Nd6 5. Bb3 Nc6 6. Nb5 g6 7. Qf3 f5 8.
Qd5 Qe7 9. Nxc7+ Kd8 10. Nxa8 b6 11. d3 Qe6 12. Qxe6 dxe6 13. Bg5+ Be7 14.
Bh6 Rg8 15. Be3 Re8 16. Ba4 Bd7 17. f3 b5 18. Bb3 a5 19. Bb6+ Kc8 20. Nc7
Rg8 21. Nxe6 a4 22. Bd5 Rh8 23. c3 Bxe6 24. Bxe6+ Kb7 25. Bc5 Rd8 26. Rd1
Nc8 27. d4 exd4 28. cxd4 Nb6 29. d5 Ne5 30. Bxe7 {Black resigns} 1-0

[Event "GambitGuide"]
[Site "Internet Chess Club"]
[Date "2014.10.31"]
[Round "1"]
[White "JSBach"]
[Black "dutchking"]
[Result "1-0"]
[ICCResult "Black resigns"]
[WhiteElo "1688"]
[BlackElo "1370"]
[Opening "Vienna: `Frankenstein-Dracula' variation"]
[ECO "C27"]
[NIC "VG.02"]
[Time "08:37:55"]
[TimeControl "120+12"]

1. e4 e5 2. Nc3 Nf6 3. Bc4 Nxe4 4. Qh5 Nd6 5. Bb3 Nc6 6. Nb5 g6 7. Qf3 f5 8.
Qd5 Qe7 9. Nxc7+ Kd8 10. Nxa8 b6 11. d3 Bb7 12. Nxb6 axb6 13. Qf3 Nd4 14.
Qg3 f4 15. Qg4 Qf6 16. Ba4 N6f5 17. c3 h5 18. Qh3 Ne6 19. Nf3 g5 20. d4 g4
21. dxe5 gxh3 22. exf6 hxg2 23. Rg1 Bxf3 24. Bc2 Nd6 25. Bb3 Bh6 26. Bd1 Bc6
27. f3 Re8 28. Rxg2 Ng5+ 29. Kf2 Nh3+ 30. Kf1 Ng5 31. Bxf4 Bxf3 32. Bxf3
Nxf3 33. Bxd6 {Black resigns} 1-0

[Event "GambitGuide"]
[Site "Internet Chess Club"]
[Date "2014.10.31"]
[Round "1"]
[White "JSBach"]
[Black "sskumaran1"]
[Result "1-0"]
[ICCResult "Black resigns"]
[WhiteElo "1688"]
[BlackElo "1120"]
[Opening "Vienna: `Frankenstein-Dracula' variation"]
[ECO "C27"]
[NIC "VG.02"]
[Time "08:41:19"]
[TimeControl "120+12"]

1. e4 e5 2. Nc3 Nf6 3. Bc4 Nxe4 4. Qh5 Nd6 5. Bb3 Nc6 6. Nb5 g6 7. Qf3 f5 8.
Qd5 Qe7 9. Nxc7+ Kd8 10. Nxa8 b6 11. d3 e4 12. dxe4 Bb7 13. e5 Na5 14. Qxd6
Qh4 15. Qb8+ {Black resigns} 1-0

[Event "GambitGuide"]
[Site "Internet Chess Club"]
[Date "2014.10.31"]
[Round "1"]
[White "JSBach"]
[Black "bebe"]
[Result "1-0"]
[ICCResult "Black resigns"]
[WhiteElo "1688"]
[BlackElo "1647"]
[Opening "Vienna: `Frankenstein-Dracula' variation"]
[ECO "C27"]
[NIC "VG.02"]
[Time "08:41:24"]
[TimeControl "120+12"]

1. e4 e5 2. Nc3 Nf6 3. Bc4 Nxe4 4. Qh5 Nd6 5. Bb3 Nc6 6. Nb5 g6 7. Qf3 f5 8.
Qd5 Qe7 9. Nxc7+ Kd8 10. Nxa8 b6 11. d3 Bb7 12. Nxb6 axb6 13. Qf3 Bg7 14.
Qh3 e4 15. Kf1 exd3 16. Qxd3 Qe4 17. Qxd6 {Black resigns} 1-0

[Event "GambitGuide"]
[Site "Internet Chess Club"]
[Date "2014.10.31"]
[Round "1"]
[White "JSBach"]
[Black "dutchking"]
[Result "1-0"]
[ICCResult "Black resigns"]
[WhiteElo "1688"]
[BlackElo "1370"]
[Opening "Vienna: `Frankenstein-Dracula' variation"]
[ECO "C27"]
[NIC "VG.02"]
[Time "08:41:50"]
[TimeControl "120+12"]

1. e4 e5 2. Nc3 Nf6 3. Bc4 Nxe4 4. Qh5 Nd6 5. Bb3 Nc6 6. Nb5 g6 7. Qf3 f5 8.
Qd5 Qe7 9. Nxc7+ Kd8 10. Nxa8 b6 11. d3 Bb7 12. Nxb6 axb6 13. Qf3 Na5 14.
Qe3 Bg7 15. Qxb6+ {Black resigns} 1-0

[Event "GambitGuide"]
[Site "Internet Chess Club"]
[Date "2014.10.31"]
[Round "1"]
[White "JSBach"]
[Black "Chessprincess64"]
[Result "1-0"]
[ICCResult "Black resigns"]
[WhiteElo "1688"]
[BlackElo "2000"]
[Opening "Vienna: `Frankenstein-Dracula' variation"]
[ECO "C27"]
[NIC "VG.02"]
[Time "08:40:31"]
[TimeControl "120+12"]

1. e4 e5 2. Nc3 Nf6 3. Bc4 Nxe4 4. Qh5 Nd6 5. Bb3 Nc6 6. Nb5 g6 7. Qf3 f5 8.
Qd5 Qe7 9. Nxc7+ Kd8 10. Nxa8 b6 11. d3 Bb7 12. Nxb6 axb6 13. Qf3 Kc7 14.
Bd2 Bg7 15. c3 e4 16. dxe4 Nxe4 17. Be3 Nxc3 18. Rc1 Ne4 19. Rc2 Kb8 20. a3
Nd4 21. Bxd4 Bxd4 22. Qf4+ Nd6+ 23. Ne2 Bxg2 24. Qxd4 Bxh1 25. Qxh8+ Kb7 26.
Qc3 Nb5 27. Qc4 d5 28. Qxb5 {Black resigns} 1-0

[Event "GambitGuide"]
[Site "Internet Chess Club"]
[Date "2014.10.31"]
[Round "1"]
[White "JSBach"]
[Black "nicolass"]
[Result "1/2-1/2"]
[ICCResult "Game drawn by repetition"]
[WhiteElo "1688"]
[BlackElo "1495"]
[Opening "Vienna: `Frankenstein-Dracula' variation"]
[ECO "C27"]
[NIC "VG.02"]
[Time "08:40:59"]
[TimeControl "120+12"]

1. e4 e5 2. Nc3 Nf6 3. Bc4 Nxe4 4. Qh5 Nd6 5. Bb3 Nc6 6. Nb5 g6 7. Qf3 f5 8.
Qd5 Qe7 9. Nxc7+ Kd8 10. Nxa8 b6 11. d3 Bg7 12. Nh3 Bb7 13. Bg5 Bf6 14. Nxb6
axb6 15. g3 Bxg5 16. Nxg5 Qxg5 17. Qxd6 Qe7 18. Qxe7+ Kxe7 19. Bd5 Kd6 20.
c4 Rb8 21. Rd1 Nd4 22. Bxb7 Rxb7 23. O-O Kc5 24. b3 d6 25. f3 h6 26. Kf2 h5
27. h3 g5 28. g4 hxg4 29. hxg4 f4 30. Ke1 Ra7 31. Rd2 Kb4 32. Rb2 Kc3 33.
Rd2 Nc2+ 34. Ke2 Nd4+ 35. Kd1 Rh7 36. c5 bxc5 37. Kc1 Kb4 38. Kb2 Rh3 39.
a3+ Kb5 40. Rdf2 Rh8 41. Kc3 Ra8 42. a4+ Ka5 43. Rh2 Rb8 44. Rb2 Rh8 45. Kc4
Rh3 46. Rbf2 Rg3 47. Kc3 Rh3 48. Kc4 Rg3 49. Kc3 Rh3 50. Kc4 Rg3 51. Kc3 Rh3
52. Kc4 Rg3 53. Kc3 {Game drawn by repetition} 1/2-1/2

[Event "GambitGuide"]
[Site "Internet Chess Club"]
[Date "2014.10.31"]
[Round "1"]
[White "JSBach"]
[Black "sskumaran1"]
[Result "1-0"]
[ICCResult "Black resigns"]
[WhiteElo "1688"]
[BlackElo "1120"]
[Opening "Vienna: `Frankenstein-Dracula' variation"]
[ECO "C27"]
[NIC "VG.02"]
[Time "08:42:04"]
[TimeControl "120+12"]

1. e4 e5 2. Nc3 Nf6 3. Bc4 Nxe4 4. Qh5 Nd6 5. Bb3 Nc6 6. Nb5 g6 7. Qf3 f5 8.
Qd5 Qe7 9. Nxc7+ Kd8 10. Nxa8 b6 11. d3 Bb7 12. Nxb6 axb6 13. Qf3 Nd4 14.
Qh3 e4 15. Be3 Nxb3 16. Bxb6+ Kc8 17. axb3 exd3+ 18. Kf1 Qe2+ 19. Nxe2 dxe2+
20. Kxe2 Bg7 21. Bc5 Re8+ 22. Kd3 Be4+ 23. Kd2 Bxb2 24. Bxd6 {Black resigns}
1-0

[Event "GambitGuide"]
[Site "Internet Chess Club"]
[Date "2014.10.31"]
[Round "1"]
[White "JSBach"]
[Black "bebe"]
[Result "1-0"]
[ICCResult "Black resigns"]
[WhiteElo "1688"]
[BlackElo "1647"]
[Opening "Vienna: `Frankenstein-Dracula' variation"]
[ECO "C27"]
[NIC "VG.02"]
[Time "08:42:24"]
[TimeControl "120+12"]

1. e4 e5 2. Nc3 Nf6 3. Bc4 Nxe4 4. Qh5 Nd6 5. Bb3 Nc6 6. Nb5 g6 7. Qf3 f5 8.
Qd5 Qe7 9. Nxc7+ Kd8 10. Nxa8 b6 11. d3 Bg7 12. Nh3 Re8 13. Bg5 Bf6 14. Ba4
Bb7 15. Nxb6 axb6 16. Bxf6 Qxf6 17. Qb3 Kc7 18. O-O Ra8 19. Rae1 Ra5 20. f4
b5 21. fxe5 Nxe5 22. Qc3+ Bc6 23. Qxa5+ {Black resigns} 1-0

[Event "GambitGuide"]
[Site "Internet Chess Club"]
[Date "2014.10.31"]
[Round "1"]
[White "JSBach"]
[Black "dutchking"]
[Result "1-0"]
[ICCResult "Black resigns"]
[WhiteElo "1688"]
[BlackElo "1370"]
[Opening "Vienna: `Frankenstein-Dracula' variation"]
[ECO "C27"]
[NIC "VG.02"]
[Time "08:42:29"]
[TimeControl "120+12"]

1. e4 e5 2. Nc3 Nf6 3. Bc4 Nxe4 4. Qh5 Nd6 5. Bb3 Nc6 6. Nb5 g6 7. Qf3 f5 8.
Qd5 Qe7 9. Nxc7+ Kd8 10. Nxa8 b6 11. d3 Bb7 12. Nxb6 axb6 13. Qf3 Nd4 14.
Qh3 h6 15. Be3 N6b5 16. a4 Nxb3 17. cxb3 Nd4 18. Rc1 f4 19. Bxd4 exd4+ 20.
Kf1 Qg5 21. Ne2 Qxg2+ 22. Qxg2 Bxg2+ 23. Kxg2 f3+ 24. Kxf3 {Black resigns}
1-0

[Event "GambitGuide"]
[Site "Internet Chess Club"]
[Date "2014.10.31"]
[Round "1"]
[White "JSBach"]
[Black "BosseB"]
[Result "1-0"]
[ICCResult "Black resigns"]
[WhiteElo "1688"]
[BlackElo "1288"]
[Opening "Vienna: `Frankenstein-Dracula' variation"]
[ECO "C27"]
[NIC "VG.02"]
[Time "08:41:33"]
[TimeControl "120+12"]

1. e4 e5 2. Nc3 Nf6 3. Bc4 Nxe4 4. Qh5 Nd6 5. Bb3 Nc6 6. Nb5 g6 7. Qf3 f5 8.
Qd5 Qe7 9. Nxc7+ Kd8 10. Nxa8 b6 11. d3 Bb7 12. Nxb6 axb6 13. Qf3 Nd4 14.
Qg3 f4 15. Qg4 N4f5 16. Nf3 Bxf3 17. Qxf3 e4 18. dxe4 Qxe4+ 19. Qxe4 Nxe4
20. Bxf4 Bb4+ 21. c3 Bc5 22. Rf1 Re8 23. Bf7 Re7 24. Bc4 Nxc3+ 25. Kd2 Ne4+
26. Kc2 Ned6 27. Bd3 Nd4+ 28. Kd1 Kc8 29. Re1 Rxe1+ 30. Kxe1 Nc4 31. b3 Na5
32. Rc1 Kb7 33. Be5 Bb4+ 34. Kf1 Ne6 35. Be4+ Ka6 36. Bd5 Nc5 37. Ke2 Ne6
38. g3 Ng5 39. Rc7 d6 40. Bd4 Bc5 41. Bxc5 dxc5 42. f4 {Black resigns} 1-0

[Event "GambitGuide"]
[Site "Internet Chess Club"]
[Date "2014.10.31"]
[Round "1"]
[White "JSBach"]
[Black "sskumaran1"]
[Result "1-0"]
[ICCResult "Black resigns"]
[WhiteElo "1688"]
[BlackElo "1120"]
[Opening "Vienna: `Frankenstein-Dracula' variation"]
[ECO "C27"]
[NIC "VG.02"]
[Time "08:43:53"]
[TimeControl "120+12"]

1. e4 e5 2. Nc3 Nf6 3. Bc4 Nxe4 4. Qh5 Nd6 5. Bb3 Nc6 6. Nb5 g6 7. Qf3 f5 8.
Qd5 Qe7 9. Nxc7+ Kd8 10. Nxa8 b6 11. d3 Bb7 12. Nxb6 axb6 13. Qf3 e4 14. Qe3
h5 15. Qxb6+ Kc8 16. Be3 exd3 17. O-O-O Bh6 18. Rxd3 Bxe3+ 19. Rxe3 Qg5 20.
g3 Re8 21. Nf3 Rxe3 22. Nxg5 {Black resigns} 1-0

[Event "GambitGuide"]
[Site "Internet Chess Club"]
[Date "2014.10.31"]
[Round "1"]
[White "JSBach"]
[Black "bebe"]
[Result "1-0"]
[ICCResult "Black resigns"]
[WhiteElo "1688"]
[BlackElo "1647"]
[Opening "Vienna: `Frankenstein-Dracula' variation"]
[ECO "C27"]
[NIC "VG.02"]
[Time "08:44:04"]
[TimeControl "120+12"]

1. e4 e5 2. Nc3 Nf6 3. Bc4 Nxe4 4. Qh5 Nd6 5. Bb3 Nc6 6. Nb5 g6 7. Qf3 f5 8.
Qd5 Qe7 9. Nxc7+ Kd8 10. Nxa8 b6 11. d3 Bb7 12. Nxb6 axb6 13. Qf3 e4 14. Qe3
exd3 15. cxd3 Bg7 16. Ne2 Qxe3 17. Bxe3 Kc7 18. Rc1 Bxb2 19. Rc2 Ba3 20. O-O
Ba6 21. Bd4 Re8 22. Nf4 Nb5 23. Bf6 Kb7 24. Rb1 Ncd4 25. Bd5+ Ka7 26. Bxd4
Nxd4 27. Rc7+ Kb8 28. Rxd7 g5 29. Bf7 Rc8 30. Rxb6+ {Black resigns} 1-0

[Event "GambitGuide"]
[Site "Internet Chess Club"]
[Date "2014.10.31"]
[Round "1"]
[White "JSBach"]
[Black "FlameOak4464"]
[Result "1-0"]
[ICCResult "Black checkmated"]
[WhiteElo "1656"]
[BlackElo "1830"]
[Opening "Vienna: `Frankenstein-Dracula' variation"]
[ECO "C27"]
[NIC "VG.02"]
[Time "08:46:49"]
[TimeControl "120+12"]

1. e4 e5 2. Nc3 Nf6 3. Bc4 Nxe4 4. Qh5 Nd6 5. Bb3 Nc6 6. Nb5 g6 7. Qf3 f5 8.
Qd5 Qe7 9. Nxc7+ Kd8 10. Nxa8 b6 11. d3 Bb7 12. Nxb6 axb6 13. Qf3 Nd4 14.
Qh3 f4 15. Ba4 h5 16. Bd2 g5 17. f3 e4 18. dxe4 g4 19. fxg4 Qxe4+ 20. Kd1
Bg7 21. gxh5 Rf8 22. Qxd7# {Black checkmated} 1-0

[Event "GambitGuide"]
[Site "Internet Chess Club"]
[Date "2014.10.31"]
[Round "1"]
[White "JSBach"]
[Black "sskumaran1"]
[Result "1-0"]
[ICCResult "Black resigns"]
[WhiteElo "1656"]
[BlackElo "1120"]
[Opening "Vienna: `Frankenstein-Dracula' variation"]
[ECO "C27"]
[NIC "VG.02"]
[Time "08:44:56"]
[TimeControl "120+12"]

1. e4 e5 2. Nc3 Nf6 3. Bc4 Nxe4 4. Qh5 Nd6 5. Bb3 Nc6 6. Nb5 g6 7. Qf3 f5 8.
Qd5 Qe7 9. Nxc7+ Kd8 10. Nxa8 b6 11. d3 Bb7 12. Nxb6 axb6 13. Qf3 Bg7 14.
Be3 Kc7 15. Bd5 Re8 16. Ne2 e4 17. Qf4 Be5 18. Qg5 Bf6 19. Qf4 exd3 20. cxd3
Be5 21. Qa4 f4 22. Nxf4 Bxf4 23. Qxf4 Rf8 24. Qg5 Qe5 25. Rc1 Qxb2 26. Bb3
Qa3 27. O-O {Black resigns} 1-0

[Event "GambitGuide"]
[Site "Internet Chess Club"]
[Date "2014.10.31"]
[Round "1"]
[White "JSBach"]
[Black "nicolass"]
[Result "1-0"]
[ICCResult "Black resigns"]
[WhiteElo "1656"]
[BlackElo "1495"]
[Opening "Vienna: `Frankenstein-Dracula' variation"]
[ECO "C27"]
[NIC "VG.02"]
[Time "08:43:49"]
[TimeControl "120+12"]

1. e4 e5 2. Nc3 Nf6 3. Bc4 Nxe4 4. Qh5 Nd6 5. Bb3 Nc6 6. Nb5 g6 7. Qf3 f5 8.
Qd5 Qe7 9. Nxc7+ Kd8 10. Nxa8 b6 11. d3 Bg7 12. h4 Bb7 13. Bg5 Bf6 14. Nxb6
axb6 15. Nf3 h6 16. Bxf6 Qxf6 17. Kf1 Re8 18. g4 e4 19. g5 hxg5 20. hxg5 Qe6
21. dxe4 fxe4 22. Qxe6 dxe6 23. Nh4 Nd4 24. Nxg6 e3 25. Rh7 e2+ 26. Ke1 Bf3
27. Ne5 N6f5 28. c3 Nxb3 29. axb3 {Black resigns} 1-0

[Event "GambitGuide"]
[Site "Internet Chess Club"]
[Date "2014.10.31"]
[Round "1"]
[White "JSBach"]
[Black "dutchking"]
[Result "1-0"]
[ICCResult "Black resigns"]
[WhiteElo "1656"]
[BlackElo "1370"]
[Opening "Vienna: `Frankenstein-Dracula' variation"]
[ECO "C27"]
[NIC "VG.02"]
[Time "08:45:43"]
[TimeControl "120+12"]

1. e4 e5 2. Nc3 Nf6 3. Bc4 Nxe4 4. Qh5 Nd6 5. Bb3 Nc6 6. Nb5 g6 7. Qf3 f5 8.
Qd5 Qe7 9. Nxc7+ Kd8 10. Nxa8 b6 11. d3 Bb7 12. Nxb6 axb6 13. Qf3 Na5 14.
Qe3 Kc7 15. Nf3 Bg7 16. Bd2 Nc6 17. Bd5 Re8 18. Qg5 Bf6 19. Qe3 Qg7 20. c4
e4 21. dxe4 fxe4 22. Ng1 Bxb2 23. Rb1 Bd4 24. Qa3 e3 25. fxe3 Bxe3 26. Bxe3
Qh6 27. Kd2 Qh5 28. Bxb6+ Kc8 29. Qxd6 {Black resigns} 1-0

[Event "GambitGuide"]
[Site "Internet Chess Club"]
[Date "2014.10.31"]
[Round "1"]
[White "JSBach"]
[Black "Chessprincess64"]
[Result "1-0"]
[ICCResult "Black resigns"]
[WhiteElo "1656"]
[BlackElo "2000"]
[Opening "Vienna: `Frankenstein-Dracula' variation"]
[ECO "C27"]
[NIC "VG.02"]
[Time "08:43:16"]
[TimeControl "120+12"]

1. e4 e5 2. Nc3 Nf6 3. Bc4 Nxe4 4. Qh5 Nd6 5. Bb3 Nc6 6. Nb5 g6 7. Qf3 f5 8.
Qd5 Qe7 9. Nxc7+ Kd8 10. Nxa8 b6 11. d3 Bb7 12. Nxb6 axb6 13. Qf3 Kc7 14.
Bd2 Bg7 15. Be3 e4 16. Qf4 Bxb2 17. Rb1 Bc3+ 18. Kf1 exd3 19. Ba4 dxc2 20.
Bxc2 b5 21. Rxb5 Be5 22. Qa4 Nxb5 23. Qxb5 Ra8 24. Qb6+ Kc8 25. a4 Ba6+ 26.
Ke1 Bc3+ 27. Kd1 Qd6+ 28. Kc1 Qa3+ 29. Kd1 Qa1+ 30. Qb1 Bc4 31. Qxa1 Bxa1
32. Bb6 Nb4 33. a5 Nxc2 34. Kxc2 Kb7 35. Nf3 Bf6 36. Nd2 Bd5 37. f3 Be5 38.
Kd3 Bc7 39. Kd4 Bxb6+ 40. axb6 Bc6 41. Rb1 Ra4+ 42. Kc3 Ra6 43. Nc4 Bd5 44.
Nd6+ Kc6 45. b7 Ra3+ 46. Kd4 Kxd6 47. b8=Q+ {Black resigns} 1-0

[Event "GambitGuide"]
[Site "Internet Chess Club"]
[Date "2014.10.31"]
[Round "1"]
[White "JSBach"]
[Black "Lyon"]
[Result "1-0"]
[ICCResult "Black resigns"]
[WhiteElo "1656"]
[BlackElo "1400"]
[Opening "Vienna: `Frankenstein-Dracula' variation"]
[ECO "C27"]
[NIC "VG.02"]
[Time "08:47:44"]
[TimeControl "120+12"]

1. e4 e5 2. Nc3 Nf6 3. Bc4 Nxe4 4. Qh5 Nd6 5. Bb3 Nc6 6. Nb5 g6 7. Qf3 f5 8.
Qd5 Qe7 9. Nxc7+ Kd8 10. Nxa8 b6 11. d3 Bb7 12. Nxb6 axb6 13. Qf3 Kc7 14.
Be3 Nd4 15. Qh3 Nxb3 16. axb3 e4 17. Bd4 Rg8 18. Qe3 Nc8 19. Qg3+ Kd8 20.
Bxb6+ Nxb6 21. Qb8+ Bc8 22. Qxb6+ Ke8 23. d4 Qb4+ 24. Qxb4 Bxb4+ 25. c3 Ba5
26. Rxa5 {Black resigns} 1-0

[Event "GambitGuide"]
[Site "Internet Chess Club"]
[Date "2014.10.31"]
[Round "1"]
[White "JSBach"]
[Black "Chessprincess64"]
[Result "1-0"]
[ICCResult "Anonymous or guest player Black disconnected and forfeits"]
[WhiteElo "1656"]
[BlackElo "2000"]
[Opening "Vienna: `Frankenstein-Dracula' variation"]
[ECO "C27"]
[NIC "VG.02"]
[Time "08:49:08"]
[TimeControl "120+12"]

1. e4 e5 2. Nc3 Nf6 3. Bc4 Nxe4 4. Qh5 Nd6 5. Bb3 Nc6 6. Nb5 g6 7. Qf3 f5 8.
Qd5 Qe7 9. Nxc7+ Kd8 10. Nxa8 b6 11. d3 Bb7 12. Nxb6 axb6 13. Qf3 Nd4 14.
Qg3 Bg7 15. Bg5 Bf6 16. Bxf6 Qxf6 17. Ba4 e4 18. dxe4 Nxe4 19. Qb8+ Ke7 20.
Qxb7 {Anonymous or guest player Black disconnected and forfeits} 1-0

[Event "GambitGuide"]
[Site "Internet Chess Club"]
[Date "2014.10.31"]
[Round "1"]
[White "JSBach"]
[Black "sskumaran1"]
[Result "1-0"]
[ICCResult "Black resigns"]
[WhiteElo "1656"]
[BlackElo "1120"]
[Opening "Vienna: `Frankenstein-Dracula' variation"]
[ECO "C27"]
[NIC "VG.02"]
[Time "08:47:32"]
[TimeControl "120+12"]

1. e4 e5 2. Nc3 Nf6 3. Bc4 Nxe4 4. Qh5 Nd6 5. Bb3 Nc6 6. Nb5 g6 7. Qf3 f5 8.
Qd5 Qe7 9. Nxc7+ Kd8 10. Nxa8 b6 11. d3 Bb7 12. Nxb6 axb6 13. Qf3 Nd4 14.
Qg3 Bg7 15. Bg5 Bf6 16. Bxf6 Qxf6 17. Ba4 b5 18. Bb3 Re8 19. c3 Nc6 20. Qh3
e4 21. d4 b4 22. Bd5 Ba6 23. Bxc6 dxc6 24. Qxh7 e3 25. f4 Rh8 26. Qa7 Bb7
27. Qa5+ Kd7 28. Qxb4 g5 29. Ne2 gxf4 30. Nxf4 Ne4 31. Qxb7+ {Black resigns}
1-0

[Event "GambitGuide"]
[Site "Internet Chess Club"]
[Date "2014.10.31"]
[Round "1"]
[White "JSBach"]
[Black "Chessprincess64"]
[Result "1-0"]
[ICCResult "Black resigns"]
[WhiteElo "1656"]
[BlackElo "2000"]
[Opening "Vienna: `Frankenstein-Dracula' variation"]
[ECO "C27"]
[NIC "VG.02"]
[Time "08:50:23"]
[TimeControl "120+12"]

1. e4 e5 2. Nc3 Nf6 3. Bc4 Nxe4 4. Qh5 Nd6 5. Bb3 Nc6 6. Nb5 g6 7. Qf3 f5 8.
Qd5 Qe7 9. Nxc7+ Kd8 10. Nxa8 b6 11. d3 Bb7 12. Nxb6 axb6 13. Qf3 Kc7 14.
Bd2 Bg7 15. c3 e4 16. dxe4 Nxe4 17. Be3 Ne5 18. Qf4 Kc8 19. Rd1 Nc5 20. Bxc5
bxc5 21. Kf1 Ba6+ 22. c4 Nxc4 23. Bxc4 Bxc4+ 24. Qxc4 {Black resigns} 1-0